 Dungeon Crawl Stone Soup version 0.22-a0-422-g9628fc87f1 (webtiles) character file.

517 Banto the Sneak (level 7, -14/41 HPs)
             Began as an Octopode Earth Elementalist on May 18, 2018.
             Demolished by a hornet zombie (15 damage)
             ... on level 5 of the Dungeon.
             The game lasted 00:07:25 (5061 turns).

Banto the Sneak (Octopode Earth Elementalist)       Turns: 5061, Time: 00:07:25

Health: -14/41     AC:  1    Str:  8    XL:     7   Next: 20%
Magic:  8/10       EV: 13    Int: 19    God:
Gold:   239        SH:  0    Dex: 12    Spells: 0/10 levels left

rFire    . . .     SeeInvis .   a - +2 dagger (venom)
rCold    + . .     Gourm    .   (no shield)
rNeg     + . .     Faith    .   (helmet restricted)
rPois    .         Spirit   .   h - amulet of harm
rElec    .         Reflect  .   g - ring of resist corrosion
rCorr    +         Harm     +   m - ring of positive energy
MR       .....                  r - ring of protection from cold
Stlth    ++++......             (no ring)
HPRegen  0.13/turn              (no ring)
MPRegen  0.12/turn              (no ring)
                                (no ring)
                                (no ring)

@: no status effects
A: almost no armour, stealthy swim, amphibious, 8 rings, constrict 8, camouflage
1, gelatinous body 1
a: no special abilities


You were on level 5 of the Dungeon.
You were not hungry.

You visited 1 branch of the dungeon, and saw 5 of its levels.

You collected 239 gold pieces.

Inventory:

Hand Weapons
 a - a +2 dagger of venom (weapon)
Missiles
 b - 136 stones (quivered)
Jewellery
 e - an uncursed ring of fire
 g - a ring of resist corrosion (left tentacle)
 h - an amulet of harm (around mantle)
 m - a ring of positive energy (right tentacle)
 r - a ring of protection from cold (on tentacle)
Wands
 n - a wand of flame (7)
 t - a wand of paralysis (18)
Scrolls
 l - a scroll of magic mapping
 o - 2 scrolls of immolation
 p - 2 scrolls of amnesia
 q - a scroll of identify
Potions
 d - a potion of cancellation {unknown}
 f - a potion of lignification
 i - a potion of invisibility
 j - a potion of agility {unknown}
 k - 2 potions of heal wounds
Comestibles
 c - 7 rations


   Skills:
 * Level 2.5 Short Blades
 - Level 2.0 Dodging
 + Level 7.0 Stealth
 - Level 2.0 Spellcasting
 * Level 2.9 Transmutations
 - Level 5.0 Earth Magic


You couldn't memorise any spells.
You knew the following spells:

 Your Spells              Type           Power        Failure   Level  Hunger
a - Sandblast             Erth           ###...       2%          1    #......
b - Passwall              Tmut/Erth      ###.......   4%          2    ###....
c - Stone Arrow           Conj/Erth      ##....       19%         3    ###....
d - Petrify               Tmut/Erth      ###.....     32%         4    #####..

Your spell library contained the following spells:

 Spells                   Type           Power        Failure   Level  Hunger
 Lee's Rapid Deconstruct  Erth           ###.......   52%         5    ######.


Dungeon Overview and Level Annotations

Branches:
Dungeon (5/15)
 Temple: D:4-7

Altars:
Kikubaaqudgha

Annotations:
D:4 dricus's ghost, novice HOAK


Innate Abilities, Weirdness & Mutations

You cannot wear most types of armour.
You are very stealthy in the water. (Stealth+)
You are amphibious.
You can wear up to eight rings at the same time.
You can use your tentacles to constrict eight enemies at once.
Your skin changes colour to match your surroundings (Stealth+).
Your rubbery body absorbs attacks. (AC +1, EV +1)


Message History

Aiming: Sandblast (safe; 2% risk of failure)
Press: ? - help, Shift-Dir - straight line, f - hornet zombie
Aim: a hornet zombie (lightly damaged, constricted by you)
The blast of sand hits the hornet zombie.
The hornet zombie is lightly damaged.
b - 137 stones You constrict the hornet zombie.
The hornet zombie closely misses you.
You now have 9/10 mp.
Casting: Sandblast (safe; 2% risk of failure)
Confirm with . or Enter, or press ? or * to list all spells.
Aiming: Sandblast (safe; 2% risk of failure)
Press: ? - help, Shift-Dir - straight line, f/p - hornet zombie
Aim: a hornet zombie (moderately damaged, constricted by you)
The blast of sand hits the hornet zombie.
The hornet zombie is moderately damaged.
b - 136 stones You constrict the hornet zombie.
The hornet zombie hits you!
* * * LOW HITPOINT WARNING * * *
The hornet zombie hits you!
You die...

###.## #....[...
.### ........###
#.## ........#.+
#..# ... ....###..#
...#.#.#.##.##
#.#.#.......#######
#>.................
#.#...#.###@######
#.#.#.#.# #Z#
#.#.#.#.# #.#
####.#.#.#.# #..
#........#.#####
#.............
#......###.###
#....^.# # #...##.#


You could see a hornet zombie.

Vanquished Creatures
  A scorpion (D:4)
  A howler monkey (D:4)
  The ghost of Democracy123 the Shield-Bearer, a weakling OpFi (D:3)
  Crazy Yiuf (D:3)
  A hound (D:4)
  2 orc wizards (D:3)
  Ijyb (D:3)
  A worker ant (D:4)
  Robin (D:2)
  8 adders
  2 oozes
  An adder skeleton (D:3)
  5 worms
  5 dart slugs
  6 leopard geckos
  3 orcs (D:3)
  2 bat zombies (D:4)
  3 giant cockroaches
  13 goblins
  8 hobgoblins
  6 jackals (D:3)
  A quokka (D:4)
  2 ball pythons
  9 bats
  7 frilled lizards
  A jackal skeleton (D:4)
  12 kobolds
  6 rats
  2 rat zombies (D:4)
112 creatures vanquished.

Notes
Turn   | Place    | Note
-------+----------+-------------------------------------------
     0 | D:1      | Banto the Octopode Earth Elementalist began the quest for the Orb.
     0 | D:1      | Reached XP level 1. HP: 11/11 MP: 3/3
    24 | D:1      | Reached skill level 3 in Stealth
    68 | D:1      | Reached XP level 2. HP: 10/17 MP: 3/5
   593 | D:1      | Reached XP level 3. HP: 21/21 MP: 4/6
   594 | D:1      | Reached skill level 4 in Stealth
  1108 | D:2      | Reached XP level 4. HP: 27/27 MP: 7/7
  1226 | D:2      | Noticed Robin
  1346 | D:2      | Killed Robin
  1346 | D:2      | Reached skill level 5 in Stealth
  1829 | D:2      | Reached XP level 5. HP: 31/31 MP: 8/8
  1936 | D:2      | Learned a level 2 spell: Passwall
  1940 | D:2      | Learned a level 3 spell: Stone Arrow
  2016 | D:3      | Reached skill level 6 in Stealth
  2441 | D:3      | Reached skill level 5 in Earth Magic
  2623 | D:3      | Reached XP level 6. HP: 31/36 MP: 9/9
  2945 | D:3      | Noticed Ijyb
  3033 | D:3      | Noticed Democracy123's ghost (weakling OpFi)
  3038 | D:3      | Killed Democracy123's ghost
  3197 | D:3      | Reached skill level 1 in Short Blades
  3391 | D:3      | Killed Ijyb
  3627 | D:3      | Found a runed door.
  3900 | D:3      | Noticed Crazy Yiuf
  3904 | D:3      | Killed Crazy Yiuf
  4122 | D:4      | Noticed dricus's ghost (novice HOAK)
  4398 | D:4      | Found an ancient bone altar of Kikubaaqudgha.
  4578 | D:4      | Reached XP level 7. HP: 41/41 MP: 10/10
  4622 | D:4      | Reached skill level 7 in Stealth
  4635 | D:4      | Learned a level 4 spell: Petrify
  5036 | D:5      | Entered Level 5 of the Dungeon
  5061 | D:5      | HP: 1/41 [hornet zombie (15)]
  5061 | D:5      | Demolished by a hornet zombie

Vault maps used:
D:1:      tarquinn_simple_flora_water_d, st_stairs_12
D:2:      kennysheep_big_flooded_room, first_ration, uniq_robin
D:3:      uniq_ijyb, uniq_crazy_yiuf_cottage
D:4:      lemuel_zombie_altar_kikubaaqudgha
D:5:      serial_shops, nicolae_shop_window_shopping,
          cheibrodos_sewer_entry_bend, tso_metal_star

Skill      XL: |  1  2  3  4  5  6  7 |
---------------+----------------------+-----
Stealth        | 3 4 5 6 7 |  7.0
Earth Magic    | 4 5 |  5.0
Short Blades   | 2 |  2.5
Transmutations | 2 |  2.9
Dodging        | |  2.0
Spellcasting   | |  2.0

Action                   |  1- 3 |  4- 6 |  7- 9 || total
-------------------------+-------+-------+-------++-------
Melee: Unarmed           |     9 |       |       ||     9
       Constrict         |    12 |    33 |     1 ||    46
       Tentacles         |     5 |    22 |       ||    27
       Club              |    28 |       |       ||    28
       Dagger            |     6 |   135 |     5 ||   146
 Cast: Sandblast         |    24 |    41 |     2 ||    67
       Passwall          |       |     5 |     1 ||     6
       Stone Arrow       |       |     1 |       ||     1
  Use: Scroll            |     4 |     7 |     2 ||    13
       Potion            |       |     1 |       ||     1
 Stab: Sleeping          |     2 |    19 |     3 ||    24
       Distracted        |       |     2 |       ||     2
  Eat: Chunk             |     1 |    11 |     2 ||    14
Armor: Skin              |    12 |    26 |       ||    38
Dodge: Dodged            |    37 |    94 |     1 ||   132

Table legend:
 A = Spawn XP
 B = Non-spawn XP
 C = Spawn XP percentage of total XP
 D = Spawn monster count
 E = Non-spawn monster count
 F = Spawn count percentage of total count
 G = Total turns spent on level
                    A         B        C        D         E        F      G
               +---------+---------+-------+---------+---------+-------+---------
         Total |       0 |     739 |   0.0 |       0 |     112 |   0.0 |  5061
               +---------+---------+-------+---------+---------+-------+---------
           D:1 |       0 |      65 |   0.0 |       0 |      28 |   0.0 |  1093
           D:2 |       0 |     119 |   0.0 |       0 |      34 |   0.0 |  1193
           D:3 |       0 |     318 |   0.0 |       0 |      36 |   0.0 |  1778
           D:4 |       0 |     237 |   0.0 |       0 |      14 |   0.0 |   972
               +---------+---------+-------+---------+---------+-------+---------

Table legend:
 A = Turns spent in this place as a percentage of turns spent in the entire game.
 B = Non-inter-level travel turns spent in this place as a percentage of non-inter-level travel turns spent in the entire game.
 C = Inter-level travel turns spent in this place as a percentage of turns spent in this place.
 D = Turns resting spent in this place as a percentage of non-inter-level travel turns spent in this place.
 E = Turns spent auto-exploring this place as a percentage of non-inter-level travel turns spent in this place.
 F = Non-inter-level travel turns spent in this place divided by the number of levels of this place that you've seen.
                   A       B       C       D       E      F
               +-------+-------+-------+-------+-------+----------------------
         Total | 100.0 | 100.0 |   4.3 |  36.1 |  44.4 | 969.0
       Dungeon | 100.0 | 100.0 |   4.3 |  36.1 |  44.4 | 969.0
               +-------+-------+-------+-------+-------+----------------------

Table legend:
 A = Kills in this place as a percentage of kills in entire the game.
 B = Kills by you in this place as a percentage of kills by you in the entire game.
 C = Kills by friends in this place as a percentage of kills by friends in the entire game.
 D = Other kills in this place as a percentage of other kills in the entire game.
 E = Experience gained in this place as a percentage of experience gained in the entire game.
 F = Experience gained in this place divided by the number of levels of this place that you have seen.
                   A       B       C       D       E      F
               +-------+-------+-------+-------+-------+----------------------
         Total | 100.0 | 100.0 |   N/A |   N/A | 100.0 | 147.8
       Dungeon | 100.0 | 100.0 |   N/A |   N/A | 100.0 | 147.8
               +-------+-------+-------+-------+-------+----------------------
